 Seeded DCSS version 0.30.0-19-g36f170ea60 (webtiles) character file.

Game seed: 6415083861296460740 (custom seed)

58112 bmack86 the Severer (level 14, 0/135 HPs)
             Began as a Minotaur Fighter on May 31, 2023.
             Was an Initiate of Gozag.
             Slain by an Executioner (5 damage)
             ... on level 3 of the Abyss.
             The game lasted 00:45:01 (16462 turns).

bmack86 the Severer (Minotaur Fighter)             Turns: 16462, Time: 00:45:02

Health: 0/135      AC: 26    Str: 24    XL:     14   Next: 48%
Magic:  13/13      EV:  7    Int: 11    God:    Gozag
Gold:   1091       SH: 12    Dex: 12    Spells: 13/13 levels left

rFire   + . .        p - +11 war axe of Qazlal's Indignation {drain, rPois rC- Int+6}
rCold   + . .        c - +0 buckler
rNeg    . . .        d - +0 plate armour
rPois   +            (helmet restricted)
rElec   +            I - +1 cloak
rCorr   +            D - +2 pair of gloves
SInv    .            l - +2 pair of boots
Will    +....        y - amulet of reflection Stlth
                     n - ring of protection from cold
HPRegen 0.42/turn    (no ring)
MPRegen 0.13/turn

%: random rage (9%), reflection
@: resistant, on berserk cooldown, slowed, invisible, very slow
A: horns 2, retaliatory headbutt, [berserk 2]
a: Renounce Religion, Potion Petition, Call Merchant, Bribe Branch


You were on level 3 of the Abyss.
You worshipped Gozag.
Gozag was most pleased with you.
You visited 2 branches of the dungeon, and saw 16 of its levels.
You visited the Abyss 1 time.

You collected 4480 gold pieces.
You paid 3389 gold pieces to Gozag.

Inventory:

Hand Weapons
 a - a +4 war axe of freezing
 p - the +11 war axe of Qazlal's Indignation (weapon) {drain, rPois rC- Int+6}
   (You found it on level 10 of the Dungeon)

   Int:       It affects your intelligence (+6).
   rC:        It makes you vulnerable to cold.
   rPois:     It protects you from poison.
 A - a +2 scimitar of flaming
 C - the +8 frozen axe "Frostbite" {freeze, freezing cloud, *Noise Fly rC+}
   (You found it on level 13 of the Dungeon)

   rC:        It protects you from cold.
   Fly:       It grants you flight.
   *Noise:    It may make noises in combat.
Missiles
 h - 2 silver javelins
 j - 2 throwing nets
 r - 2 boomerangs
 x - 7 javelins (quivered)
Armour
 c - a +0 buckler (worn)
 d - a +0 plate armour (worn)
 l - a +2 pair of boots (worn)
 D - a +2 pair of gloves (worn)
 H - +0 ice dragon scales
 I - a +1 cloak (worn)
Jewellery
 n - a ring of protection from cold (left hand)
 y - an amulet of reflection (around neck)
 J - an amulet of guardian spirit
 K - a ring of fire
 L - a ring of positive energy
Wands
 s - a wand of iceblast (4)
 w - a wand of quicksilver (6)
 B - a wand of digging (6)
 F - a wand of charming (8)
 G - a wand of polymorph (6)
Scrolls
 b - 4 scrolls of amnesia
 f - 12 scrolls of teleportation
 m - 4 scrolls of fog
 M - 2 scrolls of poison
Potions
 e - 3 potions of mutation
 g - 3 potions of attraction
 i - 4 potions of curing
 k - a potion of ambrosia
 o - a potion of magic
 q - a potion of resistance
 t - a potion of berserk rage {unknown}
 u - 3 potions of brilliance
 z - 2 potions of lignification
 E - 4 potions of flight
Miscellaneous
 v - a phantom mirror


   Skills:
 + Level 15.2 Fighting
 - Level 18.0 Axes
 + Level 4.8 Throwing
 + Level 15.2 Armour
 + Level 11.4 Shields
 - Level 3.7 Necromancy


You had 13 spell levels left.
You didn't know any spells.
Your spell library contained the following spells:

 Spells                   Type           Power      Damage    Failure   Level
 Scorch                   Fire           0%         2d5       99%         2
 Static Discharge         Conj/Air       0%         2-2/arc   99%         2
 Dazzling Flash           Conj/Hex       0%         N/A       100%        3
 Portal Projectile        Hex/Tloc       0%         N/A       100%        3
 Tukima's Dance           Hex            0%         N/A       100%        3
 Airstrike                Air            0%         2d(0-16)  100%        4
 Flame Wave               Conj/Fire      0%         2d4       100%        4
 Summon Lightning Spire   Summ/Air       0%         N/A       100%        4
 Agony                    Necr           8%         N/A       100%        5
 Alistair's Intoxication  Tmut/Pois      0%         N/A       100%        5
 Blade Hands              Tmut           0%         N/A       100%        5
 Borgnjor's Vile Clutch   Necr/Erth      2%         N/A       100%        5
 Silence                  Hex/Air        0%         N/A       100%        5
 Summon Forest            Summ/Tloc      0%         N/A       100%        5
 Eringya's Noxious Bog    Tmut/Pois      0%         N/A       100%        6
 Summon Cactus Giant      Summ           0%         N/A       100%        6
 Summon Hydra             Summ           0%         N/A       100%        7


Dungeon Overview and Level Annotations

Branches:
Dungeon (15/15)            Temple (1/1) D:6            Lair (0/5) D:8
    Orc (0/2) D:9          Vaults (0/5) D:13
 Depths: D:15

Altars:
Ashenzari
Cheibriados
Dithmenos
Elyvilon
Fedhas
Gozag
Hepliaklqana
Kikubaaqudgha
Makhleb
Nemelex Xobeh
Okawaru
Qazlal
Ru
Sif Muna
Trog
Uskayaw
Vehumet
Wu Jian
Xom
Yredelemnul
Zin
The Shining One

Shops:
D:2 :   D:4 *[?   D:5 (   D:10 [

Portals:
Trove: D:13 (give 17 scrolls of teleportation)

Annotations:
D:15 Louise


Innate Abilities, Weirdness & Mutations

You have a pair of horns on your head.
You reflexively headbutt those who attack you in melee.
[You have an uncontrollable temper.]


Message History

You feel yourself slow down.
An Executioner comes into view.
A starcursed mass comes into view.
The Executioner gives a hideous shriek!
The Executioner gestures.
The Executioner seems to speed up.
A starcursed mass splits.
A chorus of shrieks assaults your mind.
* * * LOW HITPOINT WARNING * * *
You see here 15 gold pieces.
You now have 1577 gold pieces (gained 15).
A starcursed mass splits.
The Executioner hits you!!
* * * LOW HITPOINT WARNING * * *
You block the Executioner's attack.
The Executioner hits you but does no damage.
A starcursed mass splits. x2
Okay, then. [a] - 176 gold - might and brilliance [b] - 348 gold - invisibility and might [c] - 486 gold - resistance and invisibility Purchase which effect?
You feel protected.
You fade into invisibility!
The Executioner hits you but does no damage. x2
The Executioner hits you.
* * * LOW HITPOINT WARNING * * *
The Executioner hits you!
* * * LOW HITPOINT WARNING * * *
The Executioner hits you but does no damage. x2
The Executioner hits you.
* * * LOW HITPOINT WARNING * * *
You block the Executioner's attack.
The Executioner hits you but does no damage.
You block the Executioner's attack.
The Executioner hits you but does no damage. x5
You slash the Executioner! Your headbutt misses the Executioner.
The Executioner is lightly wounded.
You block the Executioner's attack.
The Executioner hits you but does no damage. x2
The Executioner hits you.
You die...
Your body crumbles into a pile of gold.

.... ..... ...#.
..
.....#......#.##
.## #...# .#......
.. #....#.......#
... #...........#
.. .
.......#....##..#
. ..
..#.#..#...#...#.
# .......#$..#.##
. . ......#.@.#..
#. ...
#XX..#1......#
..X.#.#...#...#...
. .#.### #
#.#..#..# #
##.....#...... #.
. ....##..#.#.
#..#.# ..#..
....###. .....
#.... 1##.


You could see 3 starcursed masses and an Executioner (fast).

Vanquished Creatures
  Rupert (D:14)
  Agnes (D:14)
  Kirke (D:14)
  A stone giant (D:14)
  Snorg (D:10)
  A blizzard demon (D:13)
  An entropy weaver (shapeshifter) (D:14)
  Fannar (D:11)
  2 catoblepae
  11 centaur warriors
  A death knight (D:14)
  3 boulder beetles
  4 two-headed ogres
  3 thrashing horrors (Abyss:3)
  Urug (D:11)
  A wretched star (Abyss:3)
  Lodul (D:12)
  5 skeletal warriors
  Pikel (D:8)
  A lindwurm (shapeshifter) (D:13)
  A necromancer (D:13)
  2 orc knights (D:14)
  5 deep elf pyromancers
  7 ugly things
  2 manticores (D:13)
  4 cyclopes
  A worldbinder (Abyss:3)
  A stone giant zombie (Abyss:3)
  A manticore (shapeshifter) (D:14)
  3 large abominations (Abyss:3)
  3 unseen horrors
  2 gargoyles
  2 kobold demonologists (D:12)
  4 freezing wraiths
  A tengu conjurer (D:14)
  A komodo dragon (D:12)
  5 ice devils (D:13)
  A wolf spider simulacrum (D:13)
  An ancient zyme (Abyss:3)
  7 trolls
  8 slime creatures
  A vampire (D:14)
  2 shadows (D:9)
  3 wyverns
  12 yaks
  2 hogs (D:14)
  6 wraiths
  A steam dragon (D:9)
  A basilisk (D:12)
  A golden eye (shapeshifter) (D:13)
  A redback (D:14)
  11 vampire mosquitoes
  The ghost of knightboat the Insei, an amateur OpTm (D:4)
  2 acid dragons
  4 water moccasins
  3 ice beasts
  6 orc warriors
  6 black bears
  11 ogres
  12 centaurs
  2 wolves (D:8)
  3 phantoms
  2 bullfrogs
  4 kobold brigands
  2 gnoll sergeants
  7 scorpions
  5 killer bees
  A small abomination (Abyss:3)
  A troll zombie (D:9)
  A howler monkey (D:6)
  A quasit (Abyss:3)
  3 gnoll boudas
  4 hounds
  3 starcursed masses (Abyss:3)
  5 jellies
  4 iguanas
  6 orc priests
  18 orc wizards
  5 ogre zombies (D:9)
  22 gnolls
  5 adders
  A shadow imp (D:6)
  2 white imps
  An ufetubus (D:5)
  3 worms
  2 dart slugs
  42 orcs
  5 ball pythons
  2 endoplasms
  3 giant cockroaches
  3 goblins
  3 hobgoblins
  8 jackals
  21 kobolds
  5 quokkas
  A bat (D:1)
  4 frilled lizards
  A goblin skeleton (D:9)
  3 goblin zombies (D:9)
  An orc skeleton (D:9)
  14 orc zombies (D:9)
  4 rats
423 creatures vanquished.

Vanquished Creatures (others)
  Erica (D:11)
1 creature vanquished.

Grand Total: 424 creatures vanquished

Notes
Turn   | Place    | Note
-------+----------+-------------------------------------------
     0 | D:1      | bmack86 the Minotaur Fighter began the quest for the Orb.
     0 | D:1      | Reached XP level 1. HP: 19/19 MP: 0/0
   370 | D:1      | Reached skill level 3 in Axes
   482 | D:1      | Reached XP level 2. HP: 16/26 MP: 1/1
   936 | D:2      | Reached skill level 4 in Axes
   982 | D:2      | Reached XP level 3. HP: 31/31 MP: 2/2
   985 | D:2      | Found Bedghuats's Book Shop.
  1603 | D:3      | Reached skill level 5 in Axes
  1745 | D:3      | Reached XP level 4. HP: 39/39 MP: 3/3
  2190 | D:4      | Found Getai's Antique Armour Shop.
  2198 | D:4      | Reached skill level 1 in Necromancy
  2266 | D:4      | Found a runed translucent gate.
  2266 | D:4      | Found a runed translucent gate.
  2266 | D:4      | Found a runed translucent gate.
  2269 | D:4      | Found an opulent altar of Gozag.
  2271 | D:4      | Noticed knightboat's ghost (amateur OpTm)
  2304 | D:4      | Found Sudug's Magic Scroll Boutique.
  2355 | D:4      | Reached skill level 6 in Axes
  2355 | D:4      | Reached XP level 5. HP: 13/45 MP: 4/4
  2358 | D:4      | Killed knightboat's ghost
  2359 | D:4      | Reached XP level 6. HP: 10/51 MP: 5/5
  2364 | D:4      | Became a worshipper of Gozag Ym Sagoz the Greedy
  2546 | D:4      | Found Heups's General Store.
  2752 | D:4      | Reached skill level 7 in Axes
  3044 | D:4      | Found a white marble altar of Elyvilon.
  3297 | D:5      | Entered Level 5 of the Dungeon
  3353 | D:5      | Reached skill level 8 in Axes
  3353 | D:5      | Reached XP level 7. HP: 46/57 MP: 6/6
  3519 | D:5      | Reached skill level 9 in Axes
  3748 | D:5      | Reached XP level 8. HP: 47/64 MP: 7/7
  3751 | D:5      | Reached skill level 10 in Axes
  3766 | D:5      | Noticed a +0 bardiche
  3768 | D:5      | Found Qifroac's Weapon Shop.
  3837 | D:5      | Noticed a +0 giant spiked club
  4221 | D:5      | Reached skill level 11 in Axes
  4526 | D:6      | Found a staircase to the Ecumenical Temple.
  4537 | Temple   | Entered the Ecumenical Temple
  4712 | D:6      | Reached skill level 12 in Axes
  4791 | D:6      | Found an ornate altar of the Wu Jian Council.
  4881 | D:6      | Found a shimmering blue altar of Sif Muna.
  5269 | D:7      | Reached XP level 9. HP: 70/70 MP: 8/8
  5353 | D:7      | Reached skill level 13 in Axes
  5515 | D:7      | Found an opulent altar of Gozag.
  5613 | D:7      | Noticed a two-headed ogre
  5630 | D:7      | Killed a two-headed ogre
  5631 | D:7      | Reached skill level 14 in Axes
  5646 | D:7      | Found a sacrificial altar of Ru.
  5808 | D:7      | Found a glowing golden altar of the Shining One.
  5935 | D:8      | Reached skill level 15 in Axes
  6182 | D:8      | Found a staircase to the Lair.
  6189 | D:8      | Reached XP level 10. HP: 62/77 MP: 9/9
  6193 | D:8      | Reached skill level 16 in Axes
  6343 | D:8      | Found a hide-covered altar of Uskayaw.
  6395 | D:8      | Noticed Pikel
  6399 | D:8      | Killed Pikel
  6475 | D:8      | Reached skill level 5 in Fighting
  6475 | D:8      | Reached skill level 5 in Armour
  6781 | D:8      | You fall into a shaft and drop 3 floors!
  6794 | D:11     | Noticed Urug
  6804 | D:11     | Killed Urug
  6981 | D:11     | Noticed a gargoyle
  7002 | D:11     | Killed a gargoyle
  7262 | D:11     | Noticed Fannar
  7292 | D:11     | HP: 4/86 [Fannar/staff of cold (2)]
  7294 | D:11     | Killed Fannar
  7626 | D:11     | Reached XP level 11. HP: 78/94 MP: 10/10
  8273 | D:11     | Noticed Erica
  8282 | D:11     | Killed Erica
  8317 | D:10     | Entered Level 10 of the Dungeon
  8339 | D:10     | Noticed Snorg
  8355 | D:10     | Killed Snorg
  8769 | D:10     | Noticed a two-headed ogre
  8782 | D:10     | Reached skill level 10 in Fighting
  8782 | D:10     | Reached skill level 10 in Armour
  8792 | D:10     | Killed a two-headed ogre
  9017 | D:10     | Identified the +11 war axe of Qazlal's Indignation {drain,
                  | rPois rC- Int+6}
  9201 | D:10     | Found Muralikh's Superior Scales.
  9799 | D:9      | Found a staircase to the Orcish Mines.
 10428 | D:12     | Noticed Lodul
 10441 | D:12     | Killed Lodul
 10566 | D:12     | Reached XP level 12. HP: 107/110 MP: 11/11
 10593 | D:12     | Noticed a centaur warrior
 10601 | D:12     | Killed a centaur warrior
 10602 | D:12     | Reached skill level 5 in Shields
 11618 | D:13     | Reached skill level 17 in Axes
 11623 | D:13     | HP: 3/113 [ice devil (20)]
 11843 | D:13     | Found the +8 frozen axe "Frostbite" {freeze, freezing
                  | cloud, *Noise Fly rC+}
 11844 | D:13     | Noticed a blizzard demon
 11852 | D:13     | Killed a blizzard demon
 12310 | D:13     | Noticed a centaur warrior
 12321 | D:13     | Noticed a catoblepas
 12339 | D:13     | Killed a centaur warrior
 12620 | D:13     | Reached XP level 13. HP: 65/119 MP: 12/12
 13060 | D:13     | Paralysed by a floating eye for 3 turns
 13066 | D:13     | Paralysed by a floating eye for 2 turns
 13378 | D:13     | Identified the scarf of Chimes {+Inv, Dex+2}
 13470 | D:13     | Found a portal to a secret trove of treasure.
 13524 | D:13     | Found a gate to the Vaults.
 13542 | D:13     | Reached skill level 18 in Axes
 14298 | D:14     | Noticed a stone giant
 14305 | D:14     | Killed a stone giant
 14306 | D:14     | Reached skill level 1 in Throwing
 14400 | D:14     | Reached skill level 10 in Shields
 14938 | D:14     | Reached XP level 14. HP: 133/133 MP: 13/13
 15348 | D:14     | Noticed Agnes
 15357 | D:14     | Killed Agnes
 15424 | D:14     | Noticed Kirke
 15466 | D:15     | Entered Level 15 of the Dungeon
 15675 | D:14     | Killed Kirke
 16098 | D:14     | Noticed Rupert
 16115 | D:14     | Killed Rupert
 16287 | D:15     | Noticed Louise
 16303 | Abyss:3  | Cast into level 3 of the Abyss (Louise)
 16311 | Abyss:3  | Reached skill level 15 in Armour
 16331 | Abyss:3  | Noticed a brown very ugly thing
 16331 | Abyss:3  | Noticed a red very ugly thing
 16333 | Abyss:3  | Reached skill level 15 in Fighting
 16445 | Abyss:3  | HP: 4/135 [stone wall collision (12)]
 16457 | Abyss:3  | Noticed an Executioner
 16461 | Abyss:3  | HP: 6/135 [Executioner (7)]
 16462 | Abyss:3  | Slain by an Executioner

Illustrated notes

Levels and vault maps discovered:
D:1:      lightli_arrival_flooded_house, layout_basic, st_stairs_11,
          hangedman_decor_points, minmay_misc_feat_x, minmay_liquid_box,
          chequers_serial_rivers_micro_a, chequers_jeans, minmay_pentomino_u2
D:2:      layout_loops_cross, serial_shops, shop
D:3:      layout_basic
D:4:      layout_loops_corners, elyvilon_altar_3, ebering_ghost_gozag,
          serial_shops, shop, shop_fountains, nicolae_shop_real_fake_doors,
          corexii_corridor_pit, corexii_shack
D:5:      layout_gridville, serial_shops, nicolae_shop_mannequins,
          kennysheep_minor_cross, kennysheep_generic_room_8
D:6:      layout_gridville, nicolae_sif_muna_little_library,
          mainiacjoe_overflow_tiny_flanked, minmay_temple_entry_trees,
          st_stairs_5
D:7:      layout_basic, old_standard_altar, mainiacjoe_overflow_two_lobes
D:8:      layout_rooms, mainiacjoe_overflow_alcove_1, minmay_lair_entry_grove,
          grunt_ministairs_9, uniq_pikel
D:9:      layout_roguey, zombieorc1_lemuel
D:10:     layout_basic, hellmonk_scale_shop, uniq_snorg
D:11:     layout_basic, uniq_urug, uniq_fannar, uniq_erica
D:12:     hangedman_cross_stitches, layout_loops_corners, uniq_lodul
D:13:     nzn_winding_woodlands_small [nzn_winding_woodlands_5x15_longhouse,
          nzn_winding_woodlands_center_triple_pond,
          nzn_winding_woodlands_5x15_pool], layout_rooms, david_vaults_1,
          nicolae_trove_entry_crystal, hellmonk_guarded_unrand_frostbite
D:14:     nicolae_hexawheel, layout_long_grid, serial_bayou_pond_d,
          kennysheep_cross_bottleneck, kennysheep_generic_room_5, uniq_agnes,
          uniq_rupert, uniq_kirke
D:15:     grunt_enter_depths_snipers, layout_rooms, serial_aquarium,
          aquarium_bridge_straight [aquarium_subvault_bridge,
          aquarium_subvault_wall, aquarium_subvault_bridge,
          aquarium_subvault_wall], aquarium_bridge_island_small
          [aquarium_subvault_small_open, aquarium_subvault_bridge,
          aquarium_subvault_bridge, aquarium_subvault_wall,
          aquarium_subvault_window], aquarium_window_1, aquarium_window_corner,
          aquarium_window_corridor_2, aquarium_view_2f, aquarium_view_2e,
          fedhas_altar_fruit_tree, uniq_louise
Temple:   nicolae_temple_bog_church
Abyss:3:  base:
D:13

Skill      XL: |  1  2  3  4  5  6  7  8  9 10 11 12 13 14 |
---------------+-------------------------------------------+-----
Axes           | 3 4 5 6 8 9 12 15 16 17 18 | 18.0
Necromancy     | 1 2 3 |  3.7
Fighting       | 8 11 12 14 15 | 15.2
Armour         | 8 11 12 14 15 | 15.2
Shields        | 4 7 10 11 | 11.4
Throwing       | 2 4 |  4.8

Action                     |  1- 3 |  4- 6 |  7- 9 | 10-12 | 13-15 || total
---------------------------+-------+-------+-------+-------+-------++-------
  Melee: War axe           |    73 |    75 |   205 |   502 |   346 ||  1201
         Headbutt          |    15 |    11 |    33 |   110 |   109 ||   278
         Unarmed           |       |       |       |       |     4 ||     4
  Throw: Javelin           |       |       |       |       |     7 ||     7
 Invoke: Potion Petition   |       |       |     1 |     2 |     5 ||     8
  Evoke: Wand              |       |       |     1 |     2 |     2 ||     5
    Use: Potion            |       |     1 |     2 |     3 |     4 ||    10
         Scroll            |       |    10 |     4 |    13 |     5 ||    32
   Stab: Distracted        |       |       |       |     5 |       ||     5
         Petrified         |       |       |       |     5 |     8 ||    13
 Armour: Scale mail        |    31 |    50 |    28 |       |       ||   109
         Plate armour      |       |       |    77 |   288 |   214 ||   579
  Dodge: Dodged            |    38 |    38 |    80 |   108 |    55 ||   319
  Block: Buckler           |    17 |    14 |    46 |   134 |   160 ||   371
         Reflection        |       |       |       |     6 |    20 ||    26
         Other             |       |       |       |       |     1 ||     1
